 Dungeon Crawl Stone Soup version 0.22.1-1-ga44c0e56f4 (webtiles) character file.

178562 Mjsee792 the Hoplite (level 17, -15/160 HPs)
             Began as a Minotaur Fighter on Oct 13, 2018.
             Was the Champion of Okawaru.
             Killed from afar by a deep elf annihilator (45 damage)
             ... with a poison arrow
             ... on level 3 of the Elven Halls on Oct 14, 2018.
             The game lasted 02:48:32 (34465 turns).

Mjsee792 the Hoplite (Minotaur Fighter)            Turns: 34465, Time: 02:48:33

Health: -15/160    AC: 25    Str: 24    XL:     17   Next: 58%
Magic:  16/16      EV: 12    Int:  5    God:    Okawaru [******]
Gold:   1546       SH: 13    Dex: 21    Spells: 16/16 levels left

rFire    + . .     SeeInvis +   P - +2 Maxwell's thermic engine {flame, freeze}
rCold    . . .     Gourm    .   V - +3 warlock's mirror {reflect}
rNeg     + + .     Faith    .   R - +1 plate armour {rF+}
rPois    .         Spirit   .   D - +2 hat
rElec    .         Reflect  +   b - scarf {cloud immunity}
rCorr    .         Harm     .   n - +2 pair of gloves
MR       ++...     Clarity  +   G - +0 pair of boots of the Flute {rN+ Dex+2 SInv}
Stlth    ..........             o - macabre finger necklace {rN+}
HPRegen  0.36/turn              F - +3 ring of slaying
MPRegen  0.15/turn              O - +3 ring of slaying
                                u - +3 ring of dexterity

@: lethally poisoned (-15 -> -26), very slightly contaminated
A: retaliatory headbutt, horns 2, clarity, magic resistance 1, strong 1
a: Heroism, Finesse, Renounce Religion


You were on level 3 of the Elven Halls.
You worshipped Okawaru.
Okawaru was exalted by your worship.
You were very hungry.

You visited 7 branches of the dungeon, and saw 31 of its levels.
You also visited: Ossuary, Ice Cave and Volcano.

You collected 3269 gold pieces.
You spent 1723 gold pieces at shops.

Inventory:

Hand Weapons
 P - the +2 Maxwell's thermic engine (weapon) {flame, freeze}
   (You bought it in a shop on level 6 of the Dungeon)

   It has been specially enchanted to burn those struck by it, causing extra
   injury to most foes and up to half again as much damage against particularly
   susceptible opponents.
   Big, fiery blades are also staple armaments of hydra-hunters.
Armour
 b - a scarf of cloud immunity (worn)
 n - a +2 pair of gloves (worn)
 y - the +0 pair of boots of Death's Door {-Cast rF++ Int+5}
   (You found it on level 1 of the Spider Nest)

   It affects your intelligence (+5).
   It greatly protects you from fire.
   It prevents spellcasting.
 D - a +2 hat (worn)
 G - the +0 pair of boots of the Flute (worn) {rN+ Dex+2 SInv}
   (You bought it in a shop on level 6 of the Dungeon)

   It affects your dexterity (+2).
   It protects you from negative energy.
   It lets you see invisible.
 R - a +1 plate armour of fire resistance (worn)
 V - the +3 warlock's mirror (worn) {reflect}
   (Okawaru gifted it to you on level 11 of the Dungeon)
Jewellery
 o - the macabre finger necklace (around neck) {rN+}
   (You found it on level 13 of the Dungeon)

   [amulet of nothing]

   It protects you from negative energy.
 u - a +3 ring of dexterity (on amulet)
 F - a +3 ring of slaying (left hand)
 O - a +3 ring of slaying (right hand)
Wands
 a - a wand of flame (32)
 p - a wand of polymorph (11)
 s - a wand of enslavement (24)
 t - a wand of paralysis (47)
 J - a wand of disintegration (21)
 N - a wand of iceblast (12)
 U - a wand of scattershot (2)
 X - a wand of acid (10)
 Y - a wand of digging (9)
 Z - a wand of clouds (10)
Scrolls
 g - 3 scrolls of teleportation
 h - 14 scrolls of remove curse
 i - a scroll of holy word
 j - 8 scrolls of identify
 m - a scroll of fear
 q - 3 scrolls of immolation
 v - 4 scrolls of enchant weapon
 B - a scroll of fog
 C - 2 scrolls of magic mapping
 E - a scroll of brand weapon
 I - a scroll of blinking
 L - a scroll of silence
 S - 4 scrolls of enchant armour
 T - 4 scrolls of amnesia
Potions
 c - 3 potions of lignification
 d - 2 potions of might
 e - a potion of heal wounds
 k - 6 potions of flight
 l - 8 potions of curing
 r - 6 potions of haste
 w - a potion of cancellation
 x - 2 potions of magic
 z - 3 potions of ambrosia
 A - 10 potions of brilliance
 H - 4 potions of mutation
 K - 5 potions of agility
 M - 3 potions of berserk rage
Miscellaneous
 Q - a sack of spiders
 W - a lightning rod (4/4)
Comestibles
 f - 29 rations


   Skills:
 + Level 16.8 Fighting
 + Level 19.7 Long Blades
 + Level 16.0 Armour
 + Level 6.7 Dodging
 * Level 21.4 Shields


You had 16 spell levels left.
You didn't know any spells.
Your spell library contained the following spells:

 Spells                   Type           Power        Failure   Level  Hunger
 Pain                     Necr           #...         98%         1    ##.....
 Shock                    Conj/Air       #...         98%         1    ##.....
 Summon Small Mammal      Summ           #...         98%         1    ##.....
 Blink                    Tloc           N/A          99%         2    ###....
 Call Imp                 Summ           #.......     99%         2    ###....
 Shroud of Golubria       Chrm/Tloc      #.........   99%         2    ###....
 Sublimation of Blood     Necr           #.........   99%         2    ###....
 Swiftness                Chrm/Air       #.......     99%         2    ###....
 Call Canine Familiar     Summ           #.......     100%        3    ####...
 Gell's Gravitas          Tloc           #.........   100%        3    ####...
 Lesser Beckoning         Tloc           #.........   100%        3    ####...
 Static Discharge         Conj/Air       #.......     100%        3    ####...
 Summon Guardian Golem    Hex/Summ       #.......     100%        3    ####...
 Teleport Other           Tloc           #.......     100%        3    ####...
 Airstrike                Air            #.........   100%        4    #####..
 Force Lance              Conj/Tloc      #.......     100%        4    #####..
 Ice Form                 Ice/Tmut       #.......     100%        4    #####..
 Passage of Golubria      Tloc           N/A          100%        4    #####..
 Summon Ice Beast         Ice/Summ       #.......     100%        4    #####..
 Summon Lightning Spire   Summ/Air       #.......     100%        4    #####..
 Lightning Bolt           Conj/Air       #.........   100%        5    ######.
 Metabolic Englaciation   Hex/Ice        #.........   100%        5    ######.
 Silence                  Hex/Air        #.........   100%        5    ######.
 Summon Demon             Summ           #.........   100%        5    ######.
 Summon Forest            Summ/Tloc      #.........   100%        5    ######.
 Bolt of Cold             Conj/Ice       #.........   100%        6    #######
 Conjure Ball Lightning   Conj/Air       #.........   100%        6    #######
 Deflect Missiles         Chrm/Air       #.........   100%        6    #######
 Freezing Cloud           Conj/Ice/Air   #.........   100%        6    #######
 Ozocubu's Refrigeration  Ice            #.........   100%        6    #######
 Shadow Creatures         Summ           N/A          100%        6    #######
 Simulacrum               Ice/Necr       #.........   100%        6    #######
 Controlled Blink         Tloc           N/A          100%        8    #######
 Tornado                  Air            #.........   100%        9    #######


Dungeon Overview and Level Annotations

Branches:
Dungeon (15/15)            Temple (1/1) D:5            Lair (6/6) D:11
  Swamp (1/4) Lair:4       Spider (3/4) Lair:3        Slime (0/5) Lair:5
    Orc (2/2) D:9             Elf (3/3) Orc:2        Vaults (0/5) D:14
 Depths (0/5) D:15

Altars:
Ashenzari
Cheibriados
Elyvilon
Fedhas
Gozag
Hepliaklqana
Kikubaaqudgha
Makhleb
Okawaru
Qazlal
Ru
Sif Muna
Uskayaw
Vehumet
Wu Jian
Xom
Zin
The Shining One
Jiyva

Shops:
D:6 [(=   D:11 (   Orc:2 [%(=   Elf:1 ?

Annotations:
Lair:4 3 runed doors, ciphuk's ghost, journeyman KoBe
Lair:5 1 runed door


Innate Abilities, Weirdness & Mutations

You reflexively headbutt those who attack you in melee.
You have a pair of horns on your head.
You possess an exceptional clarity of mind.
You are resistant to hostile enchantments. (MR+)
Your muscles are strong. (Str +2)


Message History

Okay, then.
Blink to where?
Press: ? - help, Dir - move target cursor You are very lightly contaminated with residual magic.
As you read the scroll of blinking, it crumbles to dust.
You feel sick.
You hear rumbling.
The deep elf annihilator points at you and mumbles some strange words.
Your +3 warlock's mirror {reflect} reflects the bolt of lightning!
The bolt of lightning hits the deep elf annihilator.
The bolt of lightning hits the deep elf mage.
You kill the deep elf mage!
Okawaru accepts your kill.
Unknown command.
You feel sick.
Unknown command.
The deep elf annihilator gestures at you while chanting.
The poison arrow hits you!
You are more poisoned.
You die...

##.###........
##.....#######
...###...## . ..##
##...##### ##.# ..#
#.......# ...# ..##
##...###.#####..#
e..###)##.e..........#
D2.....#.........#.#.#
.1..###..###...#@#.#.#
##### ##.#..###..#.#.#
###.## ##.....# #)#
#.....## ###.##
##......#
#....###.......#
####...........#
#.......^.....##
####.##......##


You could see a deep elf annihilator.

Vanquished Creatures
  Gastronok (Lair:1)
  A fire giant (D:13)
  A frost giant (IceCv)
  An emperor scorpion (Spider:2)
  2 deep elf sorcerers
  2 deep elf elementalists
  A very ugly thing (Swamp:1)
  An entropy weaver (Spider:2)
  A deep elf demonologist (Elf:1)
  A dire elephant (Lair:6)
  A red draconian (Volcano)
  Azrael (Spider:1)
  A deep elf death mage (Elf:1)
  2 ettins (D:13)
  A deep elf annihilator (D:13)
  2 fire dragons
  A deep elf high priest (Elf:1)
  A yaktaur captain (D:13)
  4 vault guards (D:14)
  7 hydras
  Harold (D:11)
  A catoblepas (Lair:6)
  22 dancing weapons
  8 alligators (Swamp:1)
  A death knight (D:13)
  4 centaur warriors
  5 two-headed ogres
  3 death yaks (Lair:6)
  An orc high priest (Orc:2)
  Sonja (D:13)
  11 deep elf knights
  5 skeletal warriors (D:14)
  A flayed ghost (D:13)
  3 unseen horrors
  A wizard (D:14)
  A shambling mangrove (Swamp:1)
  12 deep elf archers
  2 orb spiders
  11 ugly things
  39 deep elf magi
  An oklob plant (D:11)
  An orc knight (Orc:1)
  4 orc sorcerers (Orc:2)
  10 wolf spiders
  3 manticores
  4 cyclopes
  Maurice (D:10)
  A moth of wrath (Spider:2)
  5 black mambas
  8 elephants
  3 torpor snails
  An ice statue (IceCv)
  A guardian serpent (shapeshifter) (D:14)
  4 centaur skeletons
  2 gargoyles
  20 spiny frogs
  A kobold demonologist (D:14)
  10 rime drakes (Lair:4)
  6 demonic crawlers
  9 komodo dragons
  An efreet (D:15)
  6 yaktaurs
  A tengu conjurer (D:14)
  A harpy zombie (D:15)
  10 jumping spiders
  10 polar bears (IceCv)
  3 meliai (D:15)
  A merfolk (D:15)
  A polar bear (shapeshifter) (D:13)
  3 trolls
  8 hornets
  A queen bee (Lair:1)
  Grinder (D:3)
  5 tyrant leeches
  10 hippogriffs
  17 blink frogs
  11 dream sheep (Lair:6)
  A bog body (Swamp:1)
  7 slime creatures
  A shadow (Swamp:1)
  25 redbacks
  3 water elementals
  15 tarantellas
  4 air elementals
  A spriggan (Swamp:1)
  2 wraiths (D:13)
  32 yaks
  4 wyverns
  3 basilisks
  9 fire elementals
  2 hungry ghosts
  6 steam dragons (Lair:4)
  An acid dragon (D:13)
  9 vampire mosquitoes
  A soldier ant (D:15)
  2 swamp worms (Swamp:1)
  11 water moccasins
  7 porcupines
  4 hell hounds (Spider:1)
  13 ice beasts
  24 orc warriors
  3 black bears
  A swamp drake (Swamp:1)
  4 sky beasts
  A hornet zombie (D:6)
  A phantom (D:8)
  2 tengu (shapeshifter)
  20 wolves
  4 necrophages
  8 centaurs
  An eye of draining (D:10)
  12 crocodiles
  7 ogres
  2 big kobolds
  4 gnoll sergeants
  15 bullfrogs
  A wyvern skeleton (D:13)
  3 scorpions
  20 killer bees
  16 wights
  2 howler monkeys (D:4)
  4 electric eels
  8 crimson imps
  2 centaur zombies
  3 bullfrog zombies (D:6)
  A quasit (D:5)
  2 bullfrog skeletons
  23 orc priests
  3 hounds
  4 jellies
  30 orc wizards
  An iron imp (D:7)
  Jessica (D:2)
  6 iguanas
  Natasha (thrice) (D:3)
  9 worker ants
  10 hell rats
  A killer bee zombie (D:9)
  A hound skeleton (D:8)
  3 hound zombies (D:6)
  11 mummies (Ossuary)
  2 worker ant zombies
  5 adders
  5 river rats (Lair:6)
  10 gnolls
  4 shadow imps
  2 oozes (D:1)
  An adder zombie (D:6)
  2 adder skeletons (D:6)
  5 worms
  5 leopard geckos
  73 orcs
  5 bats
  7 giant cockroaches
  7 goblins
  10 hobgoblins
  3 jackals (D:1)
  4 frilled lizards
  2 gnoll skeletons (Ossuary)
  A jackal skeleton (D:4)
  21 kobolds
  4 kobold skeletons (Ossuary)
  2 orc skeletons (Ossuary)
  2 quokka skeletons
  18 rats
  11 rat skeletons (Ossuary)
  3 plants
1005 creatures vanquished.

Vanquished Creatures (others)
  A dancing weapon (Elf:2)
  A centaur warrior (Volcano)
  A death yak (IceCv)
  A deep elf knight (Elf:2)
  2 deep elf archers (Elf:1)
  An orb spider (Spider:1)
  5 polar bears (IceCv)
  3 yaks (IceCv)
  9 wolves (IceCv)
  4 centaurs
  An orc priest (Orc:1)
  An orc wizard (Orc:2)
  2 fungi
  A plant (Lair:6)
33 creatures vanquished.

Grand Total: 1038 creatures vanquished

Notes
Turn   | Place    | Note
-------+----------+-------------------------------------------
     0 | D:1      | Mjsee792 the Minotaur Fighter began the quest for the Orb.
     0 | D:1      | Reached XP level 1. HP: 19/19 MP: 0/0
    41 | D:1      | Reached XP level 2. HP: 27/27 MP: 1/1
    54 | D:1      | Reached skill level 4 in Shields
   136 | D:1      | Reached XP level 3. HP: 24/33 MP: 2/2
   611 | D:2      | HP: 1/34 [gnoll/spear (3)]
   626 | D:1      | Reached XP level 4. HP: 3/41 MP: 3/3
  1152 | D:2      | Noticed Jessica
  1156 | D:2      | Killed Jessica
  1159 | D:2      | Reached skill level 5 in Shields
  1182 | D:2      | Found a glowing golden altar of the Shining One.
  1235 | D:2      | Reached skill level 5 in Armour
  1380 | D:2      | Found a deep blue altar of Sif Muna.
  1792 | D:3      | Reached XP level 5. HP: 46/47 MP: 4/4
  1830 | D:3      | Noticed Grinder
  1842 | D:3      | Killed Grinder
  1842 | D:3      | Reached skill level 5 in Fighting
  1842 | D:3      | Reached XP level 6. HP: 10/56 MP: 5/5
  1878 | D:3      | Found a white marble altar of Elyvilon.
  2086 | D:3      | Noticed Natasha
  2093 | D:3      | Killed Natasha
  2096 | D:3      | Noticed Natasha
  2102 | D:3      | Killed Natasha
  2102 | D:3      | Reached skill level 6 in Shields
  2129 | D:3      | Noticed Natasha
  2136 | D:3      | Killed Natasha
  2426 | D:4      | Reached XP level 7. HP: 62/62 MP: 6/6
  2512 | D:4      | Gained mutation: You possess an exceptional clarity of
                  | mind. [potion of mutation]
  2512 | D:4      | Gained mutation: Your muscles are strong. (Str +2) [potion
                  | of mutation]
  2512 | D:4      | Gained mutation: You are resistant to hostile enchantments.
                  | (MR+) [potion of mutation]
  2512 | D:4      | HP: 3/62 [poisoned by a worker ant]
  2513 | D:4      | HP: 1/62 [worker ant (2)]
  2728 | D:4      | Found a stormy altar of Qazlal.
  3003 | D:5      | Entered Level 5 of the Dungeon
  3256 | D:5      | Found a staircase to the Ecumenical Temple.
  3318 | Temple   | Entered the Ecumenical Temple
  3326 | Temple   | Became a worshipper of Warmaster Okawaru
  3676 | D:6      | Reached skill level 7 in Shields
  3698 | D:6      | Found the +8 autumn katana {slice, Clar}
  3712 | D:6      | Reached XP level 8. HP: 32/71 MP: 7/7
  4052 | D:6      | Reached * piety under Okawaru
  4315 | D:6      | Found Xiwi's Armour Boutique.
  4341 | D:6      | Reached skill level 8 in Shields
  4352 | D:6      | HP: 3/71 [orc wizard/dagger of protection (4)]
  4686 | D:6      | Bought the cursed +0 pair of boots of the Flute {rN+ Dex+2
                  | SInv} for 253 gold pieces
  4792 | D:6      | Found Xibb's Antique Weapon Shop.
  4827 | D:6      | HP: 3/73 [poisoned by an orc]
  4834 | D:6      | HP: 3/73 [poisoned by an orc]
  4841 | D:6      | HP: 2/73 [orc/trident (1)]
  5278 | D:6      | Reached skill level 9 in Shields
  5406 | D:6      | Found Lets's Jewellery Emporium.
  5409 | D:6      | Reached ** piety under Okawaru
  5444 | D:6      | Reached XP level 9. HP: 79/79 MP: 8/8
  5977 | D:6      | Reached skill level 10 in Shields
  6034 | D:7      | Reached skill level 10 in Armour
  6277 | D:7      | Found a sand-covered staircase.
  6281 | Ossuary  | Entered an ossuary
  6486 | Ossuary  | Reached *** piety under Okawaru
  6746 | D:7      | Found a snail-covered altar of Cheibriados.
  6950 | D:8      | Reached skill level 11 in Shields
  7030 | D:8      | Received a gift from Okawaru
  7105 | D:8      | Noticed a two-headed ogre
  7114 | D:8      | Killed a two-headed ogre
  7114 | D:8      | Reached **** piety under Okawaru
  7114 | D:8      | Reached XP level 10. HP: 48/91 MP: 9/9
  7509 | D:8      | Reached skill level 12 in Shields
  7585 | D:9      | Found a sacrificial altar of Ru.
  7626 | D:9      | Noticed a two-headed ogre
  7631 | D:9      | Killed a two-headed ogre
  7631 | D:9      | Reached skill level 1 in Dodging
  7633 | D:9      | Reached ***** piety under Okawaru
  7640 | D:9      | Found an ornate altar of the Wu Jian Council.
  7720 | D:9      | Found a staircase to the Orcish Mines.
  8152 | D:9      | Found an opulent altar of Gozag.
  8190 | D:10     | Entered Level 10 of the Dungeon
  8218 | D:10     | Noticed a two-headed ogre
  8231 | D:10     | Killed a two-headed ogre
  8231 | D:10     | Received a gift from Okawaru
  8231 | D:10     | Reached skill level 13 in Shields
  8285 | D:10     | Reached skill level 10 in Fighting
  9124 | D:10     | Noticed Maurice
  9299 | D:10     | Killed Maurice
  9299 | D:10     | Reached XP level 11. HP: 96/100 MP: 10/10
  9836 | D:11     | Received a gift from Okawaru
  9837 | D:11     | Found the +3 warlock's mirror {reflect}
  9964 | D:11     | Found a staircase to the Lair.
  9978 | D:11     | Noticed an oklob plant
 10040 | D:11     | Reached skill level 14 in Shields
 10142 | D:11     | Found Iceit's Antique Weapon Shop.
 10210 | D:11     | Paralysed by a hornet for 2 turns
 10229 | D:11     | Paralysed by a hornet for 1 turns
 10498 | D:11     | Noticed Harold
 10514 | D:11     | Killed Harold
 11548 | D:12     | Noticed an unseen horror
 11559 | D:12     | Killed an unseen horror
 11940 | D:13     | Noticed a purple ugly thing
 11947 | D:13     | Killed a purple ugly thing
 11950 | D:13     | Noticed a centaur warrior
 11954 | D:13     | Killed a centaur warrior
 11954 | D:13     | Noticed Sonja
 11956 | D:13     | Noticed a two-headed ogre
 11964 | D:13     | Killed a two-headed ogre
 11966 | D:13     | Killed Sonja
 12093 | D:13     | Noticed a centaur warrior
 12103 | D:13     | Killed a centaur warrior
 12103 | D:13     | Reached skill level 15 in Shields
 12103 | D:13     | Reached XP level 12. HP: 86/110 MP: 11/11
 12179 | D:13     | Reached skill level 5 in Dodging
 12419 | D:13     | Noticed an eight-headed hydra
 12462 | D:13     | Noticed a fire giant
 12669 | D:13     | Identified the Handbook of the Raven
 12858 | D:13     | Reached ****** piety under Okawaru
 13295 | Orc:1    | Entered Level 1 of the Orcish Mines
 13321 | Orc:2    | Entered Level 2 of the Orcish Mines
 13348 | Orc:2    | Found a staircase to the Elven Halls.
 13363 | Orc:2    | Found a frozen archway.
 13412 | Orc:2    | Received a gift from Okawaru
 13455 | IceCv    | Entered an ice cave
 13602 | IceCv    | Killed a death yak
 13807 | IceCv    | Reached skill level 16 in Shields
 13915 | IceCv    | Reached skill level 5 in Long Blades
 14013 | IceCv    | Received a gift from Okawaru
 14132 | IceCv    | Noticed a frost giant
 14159 | IceCv    | Killed a frost giant
 14341 | IceCv    | Identified the Handbook of Sinister Dislocation
 15625 | Orc:2    | Reached XP level 13. HP: 115/118 MP: 12/12
 15961 | Orc:2    | Found Jasuriun's Food Shoppe.
 15961 | Orc:2    | Found Paolaafid's Jewellery Emporium.
 15979 | Orc:2    | Found Vywaq Imunni's Antique Weapon Emporium.
 15986 | Orc:2    | Found Koured's Armour Shoppe.
 16604 | D:13     | Found the macabre finger necklace {rN+}
 16625 | D:13     | Reached skill level 17 in Shields
 16637 | D:13     | Noticed a deep elf annihilator
 16658 | D:13     | Killed a deep elf annihilator
 16658 | D:13     | Received a gift from Okawaru
 17563 | Elf:1    | Entered Level 1 of the Elven Halls
 18479 | Lair:1   | Entered Level 1 of the Lair of Beasts
 18499 | Lair:1   | Noticed Gastronok
 18515 | Lair:1   | Killed Gastronok
 18569 | Lair:1   | Found a dark tunnel.
 18580 | Volcano  | Entered a volcano
 18786 | Volcano  | Got a translucent scale mail
 18813 | Volcano  | Identified the cursed +1 scale mail "Deank" {rF+ Regen+
                  | Str+5 Dex-4} (You found it in a volcano)
 18834 | Volcano  | Noticed a red draconian
 18852 | Volcano  | Killed a red draconian
 19102 | Lair:1   | Identified a scroll of acquirement
 19235 | D:6      | Bought a cursed +3 ring of slaying for 546 gold pieces
 19272 | D:6      | Bought the +2 Maxwell's thermic engine {flame, freeze} for
                  | 924 gold pieces
 19272 | D:6      | Found the +2 Maxwell's thermic engine {flame, freeze}
 19460 | Lair:1   | Received a gift from Okawaru
 19549 | Lair:1   | Reached skill level 10 in Long Blades
 21117 | Lair:3   | Reached XP level 14. HP: 129/129 MP: 13/13
 21158 | Lair:3   | Found a deep blue altar of Sif Muna.
 21260 | Lair:3   | Received a gift from Okawaru
 21463 | Lair:3   | Found a hole to the Spider Nest.
 22000 | Lair:4   | Noticed ciphuk's ghost (journeyman KoBe)
 22095 | Lair:4   | Reached skill level 18 in Shields
 22160 | Lair:4   | Found a staircase to the Swamp.
 22164 | Lair:4   | Received a gift from Okawaru
 22262 | Lair:4   | Found a runed gate.
 22262 | Lair:4   | Found a runed gate.
 22262 | Lair:4   | Found a runed gate.
 23128 | Lair:5   | Found a runed door.
 23129 | Lair:5   | Found a viscous altar of Jiyva.
 23130 | Lair:5   | Noticed an acid blob
 23130 | Lair:5   | Noticed an acid blob
 23131 | Lair:5   | Found a staircase to the Slime Pits.
 23586 | Lair:6   | Entered Level 6 of the Lair of Beasts
 24018 | Lair:6   | Reached skill level 15 in Long Blades
 24351 | Lair:6   | Reached XP level 15. HP: 138/138 MP: 14/14
 24355 | Lair:6   | Received a gift from Okawaru
 24876 | Spider:1 | Entered Level 1 of the Spider Nest
 25141 | Spider:1 | Noticed Azrael
 25166 | Spider:1 | Killed Azrael
 25373 | Spider:1 | Got a brightly glowing chain mail
 25410 | Spider:1 | Identified the cursed +0 chain mail of Egaotag {+Fly} (You
                  | found it on level 1 of the Spider Nest)
 26041 | Spider:1 | Got a pair of twisted boots
 26170 | Spider:1 | Identified the cursed +0 pair of boots of Death's Door
                  | {-Cast rF++ Int+5} (You found it on level 1 of the Spider
                  | Nest)
 26431 | Spider:2 | Received a gift from Okawaru
 26744 | Spider:2 | Received a gift from Okawaru
 27637 | Swamp:1  | Entered Level 1 of the Swamp
 27688 | Swamp:1  | Reached skill level 19 in Shields
 28536 | Swamp:1  | Received a gift from Okawaru
 28898 | D:13     | Killed a fire giant
 28898 | D:13     | Reached skill level 15 in Fighting
 28898 | D:13     | Reached XP level 16. HP: 120/149 MP: 15/15
 28959 | D:13     | Got a shimmering sapphire amulet
 29205 | D:13     | Reached skill level 15 in Armour
 29564 | D:14     | Found a gate to the Vaults.
 29571 | D:14     | Received a gift from Okawaru
 29591 | D:14     | Received a gift from Okawaru
 29902 | D:14     | Identified the amulet of Gipar {Faith MP+9 Str+3} (You took
                  | it off a deep elf mage on level 13 of the Dungeon)
 30103 | D:15     | Entered Level 15 of the Dungeon
 30645 | D:15     | Received a gift from Okawaru
 30727 | D:15     | Found a staircase to the Depths.
 31101 | Elf:1    | Reached skill level 20 in Shields
 31534 | Elf:1    | Received a gift from Okawaru
 31973 | Elf:1    | Reached XP level 17. HP: 146/158 MP: 16/16
 32359 | Elf:1    | Found Ahouv's Magic Scroll Shop.
 32569 | Elf:1    | Found a radiant altar of Vehumet.
 33149 | Elf:2    | Reached skill level 21 in Shields
 33389 | Elf:2    | Received a gift from Okawaru
 33763 | Elf:2    | Found a runed gate.
 33763 | Elf:2    | Found a runed gate.
 33764 | Elf:2    | Found a runed gate.
 34369 | Elf:3    | Entered Level 3 of the Elven Halls
 34453 | Elf:3    | Noticed a Brimstone Fiend
 34465 | Elf:3    | Killed from afar by a deep elf annihilator

Skill      XL: |  1  2  3  4  5  6  7  8  9 10 11 12 13 14 15 16 17 |
---------------+----------------------------------------------------+-----
Shields        | 4 5 6 7 9 11 13 15 16 17 18 19 20 21 | 21.4
Fighting       | 4 5 6 7 9 10 11 12 13 14 15 16 | 16.8
Armour         | 4 5 6 7 8 9 10 11 12 13 14 15 16 | 16.0
Dodging        | 2 4 5 6 |  6.7
Long Blades    | 6 10 15 18 19 | 19.7

Action                   |  1- 3 |  4- 6 |  7- 9 | 10-12 | 13-15 | 16-18 || total
-------------------------+-------+-------+-------+-------+-------+-------++-------
Melee: Long sword        |    91 |    99 |   456 |   704 |   124 |       ||  1474
       Headbutt          |    13 |    20 |   120 |   262 |   270 |   142 ||   827
       Double sword      |       |       |       |       |   643 |   492 ||  1135
       Demon blade       |       |       |       |       |    86 |       ||    86
Evoke: Lightning rod     |       |       |       |     5 |     2 |       ||     7
       Wand              |       |       |       |     4 |     3 |       ||     7
  Use: Potion            |       |     2 |     5 |     5 |     2 |       ||    14
       Scroll            |       |       |       |    24 |    12 |     7 ||    43
 Stab: Confused          |       |       |       |     1 |     2 |       ||     3
  Eat: Chunk             |       |     3 |     7 |    23 |    20 |    18 ||    71
       Ration            |       |     1 |     3 |     2 |     6 |       ||    12
Armor: Scale mail        |    26 |    31 |   131 |   181 |   117 |       ||   486
       Skin              |       |       |    13 |       |       |       ||    13
       Plate armour      |       |       |       |   108 |   203 |   154 ||   465
Dodge: Dodged            |    34 |    27 |   121 |   370 |   335 |   124 ||  1011
Block: Shield            |    49 |    42 |   302 |   180 |       |       ||   573
       Buckler           |       |       |       |   419 |   468 |   241 ||  1128
       Reflection        |       |       |       |    26 |    30 |    54 ||   110
       Rpst.: Long sword |     6 |     3 |    29 |    74 |    10 |       ||   122
       Double sword      |       |       |       |       |    67 |    25 ||    92
       Demon blade       |       |       |       |       |     2 |       ||     2
